Map: Echo LE

Players

Neuro - Winner!

  • Race: Zerg Zerg
  • Spawn Location: 11:00

Mikoel

  • Race: Terran Terran
  • Spawn Location: 5:00

Event: LycanGTV LotV Beta Tournament 1

VOD

Have the link to the VOD?

Description

Time

  • Played on: April 2, 2015, 12:18 p.m.
  • Length: 6:40
Show
View Real Time Build Order
Export as new Build Order

Neuro Zerg - Winner!

Build Orders: Hatch First, Roach Nydus 

Get SALT Encoding   

  12  0:01  Drone  
  13  0:12  Overlord  
  13  0:18  Drone  
  14  0:30  Drone x2  
  14  0:35  Drone  
  17  0:52  Hatchery  
  17  0:55  Drone  
  17  1:09  Spawning Pool  
  17  1:11  Drone  
  17  1:15  Drone  
  18  1:18  Drone  
  19  1:28  Drone  
  20  1:38  Overlord  
  20  1:51  Drone  
  21  1:59  Queen  
  21  2:00  Drone  
  24  2:04  Zergling x2  
  24  2:05  Queen  
  27  2:12  Zergling x2  
  28  2:16  Drone  
  29  2:23  Drone  
  30  2:31  Zergling x2  
  30  2:35  Overlord, Queen  
  32  2:41  Overlord, Queen  
  34  2:45  Overlord  
  34  2:48  Drone  
  35  2:54  Extractor  
  35  2:55  Extractor  
  35  2:56  Drone  
  34  2:58  Drone  
  34  3:13  Drone x3  
  34  3:14  Drone x7  
  44  3:20  Extractor  
  44  3:22  Extractor  
  42  3:28  Roach Warren, Drone  
  42  3:29  Drone  
  43  3:39  Spore Crawler  
  42  3:48  Lair  
  42  3:54  Drone x4  
  42  3:55  Drone x5  
  50  4:01  Overlord  
  50  4:09  Drone x3  
  53  4:13  Roach  
  55  4:28  Roach  
  55  4:29  Roach x5  
  67  4:39  Overlord  
  67  4:40  Overlord x2  
  67  4:50  Nydus Network  
  67  4:51  Glial Reconstitution  
  66  5:01  Roach x5  
  66  5:02  Roach  
  78  5:07  Ravager x3  
  78  5:13  Overlord x2  
  81  5:15  Roach x2  
  85  5:27  Nydus Canal  
  85  5:31  Roach x3  
  85  5:32  Roach x2  
  85  5:34  Overseer  
  95  5:38  Overseer  
  95  5:40  Roach x2  
  99  5:47  Ravager  
  100  6:03  Roach x4  
  108  6:05  Overlord x5  
  96  6:25  Ravager  
  95  6:26  Ravager  
Show
View Real Time Build Order
Export as new Build Order

Mikoel Terran 

Build Orders: Reaper Expand 

Get SALT Encoding   

  12  0:01  SCV  
  13  0:13  SCV  
  14  0:18  Supply Depot  
  14  0:25  SCV  
  15  0:39  SCV  
  15  0:41  Barracks  
  16  0:46  Refinery  
  16  0:51  SCV  
  17  1:03  SCV  
  18  1:16  SCV  
  19  1:29  Reaper  
  19  1:30  Orbital Command  
  20  1:41  Command Center  
  20  1:50  Supply Depot  
  20  1:56  SCV  
  21  2:01  Reaper  
  21  2:08  SCV  
  23  2:20  SCV  
  24  2:27  Command Center  
  24  2:37  SCV, Factory  
  24  2:43  Barracks Reactor  
  25  2:49  SCV  
  26  2:54  Refinery  
  26  2:56  Orbital Command  
  26  3:01  SCV  
  27  3:14  SCV  
  28  3:23  SCV  
  28  3:26  SCV  
  30  3:31  Hellion x2, Barracks Tech Lab  
  34  3:36  SCV  
  34  3:38  SCV  
  36  3:48  SCV  
  37  3:52  SCV  
  37  3:54  Hellion x2, Stimpack, Marine  
  43  3:57  Orbital Command  
  43  4:00  SCV  
  44  4:03  Supply Depot  
  44  4:05  SCV, Supply Depot  
  45  4:12  SCV, Engineering Bay  
  45  4:13  Engineering Bay  
  45  4:15  Hellion x2  
  45  4:17  SCV  
  51  4:21  Marine  
  51  4:24  SCV x2  
  53  4:29  SCV  
  55  4:36  SCV  
  56  4:39  Marine  
  56  4:40  Barracks x2  
  56  4:42  Terran Infantry Weapons Level 1, Terran Infantry Armor Level 1  
  56  4:45  SCV, Factory Reactor  
  58  4:48  SCV, Refinery  
  58  4:49  SCV  
  58  4:50  Refinery  
  60  4:57  SCV  
  62  5:01  Marauder  
  62  5:03  SCV  
  62  5:05  Bunker  
  62  5:07  Orbital Command  
  65  5:08  Supply Depot  
  65  5:09  Supply Depot x2  
  65  5:12  SCV  
  65  5:20  SCV  
  66  5:23  Marauder  
  68  5:30  Barracks  
  68  5:31  Barracks  
  68  5:32  Starport  
  68  5:33  SCV  
  69  5:36  Factory Tech Lab  
  69  5:37  Supply Depot  
  69  5:38  Supply Depot  
  69  5:39  Armory, Marine  
  69  5:40  Marine x3  
  73  5:48  Marauder  
  75  5:52  SCV  
  76  5:57  Marine x2  
  76  5:58  Marine x2  
  77  6:08  Marine  
  60  6:15  Marine x2  
  60  6:16  SCV  

Tags
 
Add a new tag
Caveats
  • Supply blocks, unpowered buildings, or Contaminate may cause inaccurate times.
  • Supply counts are checked every 10 seconds.